 Dungeon Crawl Stone Soup version 0.17-a0-1382-gc46a074 (webtiles) character file.

107 Nisei the Insei (level 4, -2/33 HPs)
             Began as a Demonspawn Transmuter on June 15, 2015.
             Slain by an orc
             ... wielding a +0 flail
              (4 damage)
             ... on level 3 of the Dungeon.
             The game lasted 00:07:27 (3143 turns).

Nisei the Insei (Demonspawn Transmuter)             Turns: 3143, Time: 00:07:28

Health: -2/33      AC:  2    Str: 12    XL:     4   Next: 57%
Magic:  5/8        EV: 20    Int: 14    God:
Gold:   78         SH:  0    Dex: 18    Spells: 2 memorised, 4 levels left

rFire  . . .     SeeInvis .       - Unarmed
rCold  . . .     Clarity  .     (armour currently unavailable)
rNeg   . . .     SustAt   .     (shield currently unavailable)
rPois  x         Gourm    .     (helmet currently unavailable)
rElec  .         Spirit   .     (cloak currently unavailable)
rCorr  .         Warding  .     (gloves currently unavailable)
rMut   .         Stasis   .     (boots currently unavailable)
MR     .....                    (no amulet)
Stlth  ++........               (no ring)
                                (no ring)

@: spider-form (expiring), not resistant to hostile enchantments, unstealthy
A: (talons 0), (thin metallic scales 0)
a: End Transformation


You were on level 3 of the Dungeon.
You were not hungry.
You were a venomous arachnid creature.
You visited 1 branch of the dungeon, and saw 3 of its levels.

You collected 78 gold pieces.

Inventory:

Missiles
 a - 36 arrows
 e - 39 stones
 f - 4 poisoned tomahawks (quivered)
 r - 12 arrows of frost
Armour
 d - a +0 cloak (melded)
 o - a +0 leather armour (melded)
Magical devices
 n - a wand of flame (25)
Scrolls
 b - a scroll of enchant armour {unknown}
 h - 2 scrolls of teleportation
 j - a scroll of enchant weapon
 l - a scroll of amnesia
 p - a scroll of blinking {unknown}
 s - a scroll of identify
Potions
 g - a potion of curing
 k - a potion of ambrosia
Books
 c - a book of Changes

   Spells                             Type                      Level
   a - Beastly Appendage              Transmutation                1
   b - Sticks to Snakes               Transmutation                2
   c - Spider Form                    Transmutation/Poison         3
   d - Ice Form                       Ice/Transmutation            4
   e - Blade Hands                    Transmutation                5
Comestibles
 i - a meat ration
 q - a bread ration


   Skills:
 * Level 1.7 Fighting
 + Level 0.3 Throwing
 * Level 1.0 Armour
 * Level 2.2 Dodging
 * Level 0.6 Stealth
 + Level 2.9 Unarmed Combat
 * Level 2.6 Spellcasting
 * Level 2.4 Transmutations
 * Level 0.6 Poison Magic


You had 4 spell levels left.
You knew the following spells:

 Your Spells              Type           Power        Failure   Level  Hunger
a - Beastly Appendage     Trmt           #.....       24%         1    #......
b - Spider Form           Trmt/Pois      #.........   61%         3    ###....


Dungeon Overview and Level Annotations

Branches:
Dungeon (3/15)

Altars:


Innate Abilities, Weirdness & Mutations

((You have sharp toenails.))
((You are partially covered in thin metallic scales (AC +2).))


Message History

Your +0 cloak melds into your body.
Your +0 leather armour melds into your body.
An orc wizard comes into view. It is wielding a dagger.
Your transformation is almost over.
The orc closely misses you.
You hit the orc.
The orc is poisoned.
The orc is moderately wounded.
The orc hits you with a war axe!
You hit the orc.
The orc looks even sicker.
The orc is severely wounded.
You kill the orc!
The orc priest invokes the aid of Beogh against you.
Something smites you!
The orc wizard casts a spell.
The orc wizard seems to speed up.
You barely miss the orc. The orc hits you with a flail!
* * * LOW HITPOINT WARNING * * *
You hit the orc but do no damage.
The orc is poisoned.
The orc hits you with a flail.
You die...

########## ##
#.soooo... ..##
#.######## #... #.#
#..# #.#
#..###########.#
#..##.##.......######
#..#.#.#.###..........
##...###..#
#.######### ..#.##
##.###.#


You could see an orc priest, an orc wizard and 2 orcs.

Vanquished Creatures
  Ijyb (D:3)
  2 adders
  2 oozes (D:1)
  4 worms
  An orc (D:3)
  6 bats
  7 goblins
  A hobgoblin (D:2)
  6 kobolds
  4 giant cockroaches (D:1)
  4 giant newts
  5 rats
43 creatures vanquished.

Notes
Turn   | Place    | Note
--------------------------------------------------------------
     0 | D:1      | Nisei the Demonspawn Transmuter began the quest for the Orb.
     0 | D:1      | Reached XP level 1. HP: 15/15 MP: 3/3
    78 | D:1      | Mutation became permanent: You have claws for feet. [demonic ancestry]
    78 | D:1      | Reached XP level 2. HP: 9/21 MP: 3/5
   917 | D:1      | Gained mutation: You are partially covered in thin metallic scales (AC +2). [demonic ancestry]
   917 | D:1      | Reached XP level 3. HP: 26/26 MP: 4/6
  1293 | D:1      | Learned a level 3 spell: Spider Form
  1384 | D:2      | Found a faded altar to an unknown god.
  2791 | D:3      | Noticed Ijyb
  2817 | D:3      | Killed Ijyb
  2817 | D:3      | Reached XP level 4. HP: 19/33 MP: 0/8
  2971 | D:3      | Reached skill level 1 in Armour
  3143 | D:3      | Slain by an orc

Vault maps used:
D:1:      erik_arrival_gehennom
D:2:      ecumenical_altar_2, first_bread, minmay_misc_feat_cross
D:3:      uniq_iyjb, uniq_grinder

Action                   |  1- 3 |  4- 6 || total
-------------------------+-------+-------++-------
Melee: Unarmed           |   117 |    21 ||   138
Throw: Tomahawk          |    19 |     1 ||    20
       Stone             |     2 |       ||     2
 Cast: Beastly Appendage |    17 |       ||    17
       Spider Form       |     7 |     1 ||     8
  Use: Scroll            |     6 |       ||     6
       Potion            |     4 |     3 ||     7
  Eat: Chunk             |     2 |       ||     2
       Bread ration      |     1 |       ||     1
       Beef jerky        |     1 |       ||     1
       Meat ration       |       |     1 ||     1
